 Dungeon Crawl Stone Soup version 0.18.1-6-gd335043 (webtiles) character file.

9 jacquesderrida the Charmwright (level 2, 4/22 HPs)
             Began as a Demonspawn Skald on May 19, 2016.
             Quit the game on level 1 of the Dungeon.
             The game lasted 00:00:18 (227 turns).

jacquesderrida the Charmwright (Demonspawn Skald)    Turns: 227, Time: 00:00:19

Health: 4/22       AC:  3    Str: 12    XL:     2   Next: 6%
Magic:  5/5        EV: 11    Int: 13    God:
Gold:   48         SH:  0    Dex: 12    Spells: 1 memorised, 4 levels left

rFire  . . .     SeeInvis .     a - +0 spear
rCold  . . .     Gourm    .     b - +0 leather armour
rNeg   . . .     Faith    .     (no shield)
rPois  .         Spirit   .     (helmet restricted)
rElec  .         Dismiss  .     (no cloak)
rCorr  .         Reflect  .     (no gloves)
SustAt .         Harm     .     (no boots)
MR     .....                    (no amulet)
Stlth  +.........               (no ring)
                                (no ring)

@: not resistant to hostile enchantments, very unstealthy
A: antennae 1
a: no special abilities


You were on level 1 of the Dungeon.
You were not hungry.

You visited 1 branch of the dungeon, and saw 1 of its levels.

You collected 48 gold pieces.

Inventory:

Hand Weapons
 a - a +0 spear (weapon)
Armour
 b - a +0 leather armour (worn)
Jewellery
 e - a cursed -3 ring of strength {unknown}
 g - an uncursed ring of wizardry {unknown}
 i - an uncursed ring of protection from fire {unknown}
Potions
 h - a potion of invisibility {unknown}
 j - a potion of flight {unknown}
Books
 c - a book of Battle

   Spells                             Type                      Level
   a - Infusion                       Charms                       1
   b - Shroud of Golubria             Charms/Translocation         2
   c - Song of Slaying                Charms                       2
   d - Spectral Weapon                Hexes/Charms                 3
   e - Regeneration                   Charms/Necromancy            3
Comestibles
 d - a bread ration
 f - a meat ration


   Skills:
 + Level 2.0 Fighting
 + Level 2.0 Polearms
 + Level 0.8 Armour
 + Level 0.8 Dodging
 + Level 2.0 Spellcasting
 + Level 3.0 Charms


You had 4 spell levels left.
You knew the following spells:

 Your Spells              Type           Power        Failure   Level  Hunger
a - Infusion              Chrm           #...         12%         1    ##.....


Dungeon Overview and Level Annotations

Branches:
Dungeon (1/15)

Altars:


Innate Abilities, Weirdness & Mutations

You have a pair of small antennae on your head.


Message History

Attack whom?
Press: ? - help, Dir - move target cursor, f - rat
Aim: a rat You reach to attack!
You closely miss the rat. You hit the rat but do no damage. The rat bites you.
* * * LOW HITPOINT WARNING * * *
You are too injured to fight recklessly!
You are too injured to fight recklessly!
You are too injured to fight recklessly!
You are too injured to fight recklessly!
You are too injured to fight recklessly!
You are too injured to fight recklessly!
You are too injured to fight recklessly!
You are too injured to fight recklessly!
You are too injured to fight recklessly!
You are too injured to fight recklessly!
You are too injured to fight recklessly!
You are too injured to fight recklessly!
You are too injured to fight recklessly!
Are you sure you want to abandon this character and quit the game? (Confirm with "yes".)

....[........#... #....
#......
.............#...###....#
#......
#............#..........#
#...... ####.........#
......... #...... #.........#
....... #......
#.#.###########...######......
#.... ............##...#......
..... ............##...#......
......r@.............†>.
............##...#..†...
............####.#......
...###.##...#....#...... ## #.
#............### ####### #.
#............# #.....# ..
.....#.......# ####.....#
................# <'.#.....#
.. ............#


You could see a rat.

Vanquished Creatures
  A dart slug (D:1)
  A bat (D:1)
  A goblin (D:1)
  2 hobgoblins (D:1)
  A giant newt (D:1)
  A rat (D:1)
7 creatures vanquished.

Notes
Turn   | Place    | Note
--------------------------------------------------------------
     0 | D:1      | jacquesderrida the Demonspawn Skald began the quest for the Orb.
     0 | D:1      | Reached XP level 1. HP: 16/16 MP: 3/3
   202 | D:1      | Reached skill level 3 in Charms
   224 | D:1      | Gained mutation: You have a pair of small antennae on your head. [demonic ancestry]
   224 | D:1      | Reached XP level 2. HP: 7/22 MP: 5/5
   227 | D:1      | Quit the game

Skill      XL: |  1 |
---------------+----+-----
Polearms       | 2 |  2.0
Charms         | 3 |  3.0
Fighting       | |  2.0
Armour         | |  0.8
Dodging        | |  0.8
Spellcasting   | |  2.0

Action                   || total
-------------------------++-------
Melee: Spear             ||    28
Armor: Leather armour    ||     4
Dodge: Dodged            ||     9
